Las Vegas Wranglers vs Rochester Americans

Created - 31 octobre 2017 at 13:59

Goals
1 2 3 T
Las Vegas Wranglers 0 1 0 1
Rochester Americans 2 1 1 4
Shots
1 2 3 T
Las Vegas Wranglers 14 14 14 42
Rochester Americans 19 10 7 36

1st period

1. Rochester Americans , Peter Holland 7 (Brock McGinn 6) at 12:39
2. Rochester Americans , Michael Chaput 6 (Seth Griffith 9) at 18:34

Penalties :
Vladislav Kamenev (WRA) for Tripping (Minor) at 18:41

2nd period

3. Las Vegas Wranglers , Jimmy Hayes 3 (Paul LaDue 5, Tage Thompson 4) at 17:05
4. Rochester Americans , Seth Griffith 6 (Joe Morrow 6, Michael Chaput 2) at 17:31

Penalties :
Vladislav Kamenev (WRA) for Roughing (Minor) at 3:08, Dillon Heatherington (WRA) for High sticking (Minor) at 11:55

3rd period

5. Rochester Americans , Tyler Bertuzzi 3 (Seth Griffith 10, Brock McGinn 7) at 3:30

Penalties :
Jarred Tinordi (AMR) for Fighting (Major) at 8:58, Chris Casto (WRA) for Fighting (Major) at 8:58, Dillon Heatherington (WRA) for Hooking (Minor) at 10:33

Goalie Stats

Brad Thiessen (WRA), 32 saves from 36 shots - (0,889), L, 6-2-2, 60:00 minutes
David Rittich (AMR), 41 saves from 42 shots - (0,976), W, 4-4-1, 60:00 minutes

Players Stats for Las Vegas Wranglers

Player Name              G  A  P  +/- PIM S  H  SB GA TA FO     MP     PP MP  PK MP  
------------------------------------------------------------------------------------
Adam Clendening          0  0  0  -2  0   4  1  1  0  2  0/0    23:25   0:00   2:42 
Ben Holmstrom            0  0  0  -1  0   1  3  0  1  0  3/6    12:14   0:00   0:39 
Carl Dahlstrom           0  0  0  -1  0   0  0  0  0  0  0/0    21:13   0:00   2:36 
Chris Casto              0  0  0  -1  5   0  1  1  0  1  0/0    18:14   0:00   1:40 
Cody Bass                0  0  0   0  0   1  2  0  0  0  1/4     9:18   0:00   0:00 
Dillon Heatherington     0  0  0   0  4   3  0  0  0  1  0/0    17:24   0:00   2:41 
Emerson Etem             0  0  0  -1  0   0  1  0  0  0  1/2    15:25   0:00   4:40 
Jimmy Hayes              1  0  1   0  0   3  1  0  2  0  1/1    14:07   0:00   0:00 
Joel Hanley              0  0  0   0  0   1  2  0  0  0  0/0    17:47   0:00   5:18 
Joel Vermin              0  0  0   0  0   1  1  1  0  0  0/1     9:04   0:00   0:00 
Justin Auger             0  0  0   0  0   2  1  0  0  0  0/0    14:07   0:00   0:00 
Matthew Ford             0  0  0  -1  0   6  2  0  0  0  1/3    10:41   0:00   0:00 
Nikita Soshnikov         0  0  0  -2  0   2  2  1  1  1  1/1    19:35   0:00   1:41 
Nikolay Goldobin         0  0  0  -2  0   5  0  0  1  0  0/1    18:54   0:00   1:00 
Paul LaDue               0  1  1  -2  0   3  0  0  2  0  0/0    20:55   0:00   0:38 
Tage Thompson            0  1  1   0  0   4  1  0  0  0  6/16   16:52   0:00   2:46 
Vladislav Kamenev        0  0  0  -2  4   3  2  0  1  0  12/20  19:04   0:00   0:43 
Zac Rinaldo              0  0  0   0  0   3  2  2  2  0  2/8    13:40   0:00   4:40 

Players Stats for Rochester Americans

Player Name              G  A  P  +/- PIM S  H  SB GA TA FO     MP     PP MP  PK MP  
------------------------------------------------------------------------------------
Adam Tambellini          0  0  0   0  0   1  0  2  0  0  4/7    14:24   0:35   0:00 
Alex Broadhurst          0  0  0   0  0   0  0  0  0  0  2/4     7:11   0:00   0:00 
Andreas Martinsen        0  0  0   1  0   4  0  1  0  0  0/1    21:45   4:14   0:00 
Anton Blidh              0  0  0   0  0   3  0  0  1  1  0/0    15:41   0:41   0:00 
Austin Carroll           0  0  0   0  0   0  0  1  0  0  0/0    14:22   0:28   0:00 
Brett Lernout            0  0  0   0  0   2  4  0  0  1  0/0    24:30   4:41   0:00 
Brock McGinn             0  2  2   1  0   4  3  1  2  3  1/3    23:06   4:20   0:00 
Dominik Masin            0  0  0   0  0   0  0  0  0  0  0/0     7:21   0:00   0:00 
Jarred Tinordi           0  0  0   1  5   0  0  0  0  1  0/0     9:54   0:00   0:00 
Joe Morrow               0  1  1   0  0   3  1  1  0  1  0/0    24:30   4:41   0:00 
Linus Arnesson           0  0  0   0  0   0  0  0  0  1  0/0     6:04   0:00   0:00 
Markus Nutivaara         0  0  0   2  0   1  0  2  0  1  0/0    18:14   3:15   0:00 
Michael Chaput           1  1  2   2  0   2  1  0  0  0  12/16  19:52   3:01   0:00 
Peter Holland            1  0  1   1  0   5  1  0  0  0  14/29  23:20   4:20   0:00 
Philip Samuelsson        0  0  0   1  0   0  0  0  1  1  0/0    11:12   0:00   0:00 
Seth Griffith            1  2  3   2  0   9  1  0  0  0  1/1    20:09   3:01   0:00 
Steven Kampfer           0  0  0   2  0   0  0  0  1  0  0/0    18:14   3:15   0:00 
Tyler Bertuzzi           1  0  1   2  0   2  3  0  0  0  1/2    20:10   3:08   0:00 

3 Stars

1 - David Rittich (AMR)
2 - Seth Griffith (AMR)
3 - Michael Chaput (AMR)

Power Play

Las Vegas Wranglers - 0 on 0 Attempt(s) - 0,00%
Rochester Americans - 0 on 4 Attempt(s) - 0,00%

Penalty Kill

Las Vegas Wranglers - 4 on 4 Attempt(s) - 100,00% - Score 0 goal in Penalty Kill
Rochester Americans - 0 on 0 Attempt(s) - 0,00% - Score 0 goal in Penalty Kill

Team Stat

Las Vegas Wranglers - Hits : 22 - Faceoff Wins : 28 - Blocked Shots : 6 - Penalty Minutes : 13
Rochester Americans - Hits : 14 - Faceoff Wins : 35 - Blocked Shots : 8 - Penalty Minutes : 5

Official

Referees : Rob Martell and Dan O'Rourke
Linesman : Tony Sericolo and Derek Amell

Game Notes

Jarred Tinordi and Chris Casto fight to a draw at 8:58 of 3rd period

Finance

Level 1 -- Attendance: 1500 (75,00%) -- Ticket Income 52 500 $
Level 2 -- Attendance: 796 (79,60%) -- Ticket Income 11 940 $
Total Attendance: 2296 (76,53%)
Total Ticket Income: 64 440 $
Other Income: 31 576 $
Total Income: 96 016 $

Las Vegas Wranglers

5 vs 5 Forward 
   Center                   Left Wing                Right Wing               Time % Phy DF OF 
 1 Vladislav Kamenev        Nikolay Goldobin         Nikita Soshnikov         40     1   2  2  
 2 Tage Thompson            Justin Auger             Jimmy Hayes              30     1   2  2  
 3 Ben Holmstrom            Emerson Etem             Matthew Ford             20     1   2  2  
 4 Cody Bass                Zac Rinaldo              Joel Vermin              10     1   2  2  

5 vs 5 Defense 
   Defense                  Defense                                           Time % Phy DF OF 
 1 Adam Clendening          Paul LaDue                                        40     1   2  2  
 2 Chris Casto              Carl Dahlstrom                                    35     1   2  2  
 3 Dillon Heatherington     Joel Hanley                                       25     1   2  2  
 4 Adam Clendening          Paul LaDue                                        0      1   2  2  

PowerPlay Forward 
   Center                   Left Wing                Right Wing               Time % Phy DF OF 
 1 Vladislav Kamenev        Nikolay Goldobin         Nikita Soshnikov         60     1   2  2  
 2 Zac Rinaldo              Justin Auger             Jimmy Hayes              40     1   2  2  

PowerPlay Defense
   Defense                  Defense                                           Time % Phy DF OF 
 1 Adam Clendening          Paul LaDue                                        60     1   2  2  
 2 Chris Casto              Carl Dahlstrom                                    40     1   2  2  

Penalty Kill 4 Players Forward 
   Center                   Wing                     Time % Phy DF OF 
 1 Zac Rinaldo              Emerson Etem             60     1   2  2  
 2 Tage Thompson            Nikita Soshnikov         40     1   2  2  

Penalty Kill 4 Players Defense
   Defense                  Defense                  Time % Phy DF OF 
 1 Dillon Heatherington     Joel Hanley              60     1   2  2  
 2 Chris Casto              Carl Dahlstrom           40     1   2  2  

Penalty Kill - 3 Players Forward 
   Forward                                           Time % Phy DF OF 
 1 Vladislav Kamenev                                 60     1   2  2  
 2 Jimmy Hayes                                       40     1   2  2  

Penalty Kill - 3 Players Defense
   Defense                  Defense                  Time % Phy DF OF 
 1 Adam Clendening          Paul LaDue               60     1   2  2  
 2 Chris Casto              Carl Dahlstrom           40     1   2  2  

4 vs 4 Forward 
   Center                   Wing                     Time % Phy DF OF 
 1 Vladislav Kamenev        Nikita Soshnikov         60     1   2  2  
 2 Matthew Ford             Joel Vermin              40     1   2  2  

4 vs 4 Defense
   Defense                  Defense                  Time % Phy DF OF 
 1 Adam Clendening          Paul LaDue               60     1   2  2  
 2 Chris Casto              Carl Dahlstrom           40     1   2  2  

Last Minutes Offensive
   Center                   Left Wing                Right Wing               Defense                  Defense                  
   Vladislav Kamenev        Nikolay Goldobin         Nikita Soshnikov         Adam Clendening          Paul LaDue               

Last Minutes Defensive
   Center                   Left Wing                Right Wing               Defense                  Defense                  
   Vladislav Kamenev        Nikolay Goldobin         Nikita Soshnikov         Chris Casto              Paul LaDue               

Goaltenders
Starting : Brad Thiessen            
Backup : Linus Ullmark            

Extra Forwards
Normal : Ben Holmstrom, Cody Bass, Tage Thompson - PP : Ben Holmstrom, Cody Bass - PK : Tage Thompson
Extra Defensemen
Normal : Dillon Heatherington, Joel Hanley, Adam Clendening - PP : Dillon Heatherington - PK : Joel Hanley, Adam Clendening
Penalty Shots
Vladislav Kamenev, Jimmy Hayes, Matthew Ford, Joel Vermin, Nikolay Goldobin

Scratches
Wacey Hamilton (Healthy), Robin Norell (Healthy), Kayle Doetzel (Healthy), Adam Gilmour (Healthy), Tom Parisi (Healthy)
Peter Stoykewych (Healthy), Jared Coreau (Healthy)

Rochester Americans

5 vs 5 Forward 
   Center                   Left Wing                Right Wing               Time % Phy DF OF 
 1 Peter Holland            Brock McGinn             Andreas Martinsen        40     1   2  2  
 2 Michael Chaput           Tyler Bertuzzi           Seth Griffith            30     1   2  2  
 3 Adam Tambellini          Anton Blidh              Austin Carroll           20     1   2  2  
 4 Alex Broadhurst          Peter Holland            Brock McGinn             10     1   2  2  

5 vs 5 Defense 
   Defense                  Defense                                           Time % Phy DF OF 
 1 Joe Morrow               Brett Lernout                                     40     1   2  2  
 2 Steven Kampfer           Markus Nutivaara                                  30     1   2  2  
 3 Philip Samuelsson        Jarred Tinordi                                    20     1   2  2  
 4 Dominik Masin            Linus Arnesson                                    10     1   2  2  

PowerPlay Forward 
   Center                   Left Wing                Right Wing               Time % Phy DF OF 
 1 Peter Holland            Brock McGinn             Andreas Martinsen        60     1   2  2  
 2 Michael Chaput           Tyler Bertuzzi           Seth Griffith            40     1   2  2  

PowerPlay Defense
   Defense                  Defense                                           Time % Phy DF OF 
 1 Joe Morrow               Brett Lernout                                     60     1   2  2  
 2 Steven Kampfer           Markus Nutivaara                                  40     1   2  2  

Penalty Kill 4 Players Forward 
   Center                   Wing                     Time % Phy DF OF 
 1 Peter Holland            Brock McGinn             60     1   2  2  
 2 Andreas Martinsen        Michael Chaput           40     1   2  2  

Penalty Kill 4 Players Defense
   Defense                  Defense                  Time % Phy DF OF 
 1 Joe Morrow               Brett Lernout            60     1   2  2  
 2 Steven Kampfer           Markus Nutivaara         40     1   2  2  

Penalty Kill - 3 Players Forward 
   Forward                                           Time % Phy DF OF 
 1 Peter Holland                                     60     1   2  2  
 2 Brock McGinn                                      40     1   2  2  

Penalty Kill - 3 Players Defense
   Defense                  Defense                  Time % Phy DF OF 
 1 Joe Morrow               Brett Lernout            60     1   2  2  
 2 Steven Kampfer           Markus Nutivaara         40     1   2  2  

4 vs 4 Forward 
   Center                   Wing                     Time % Phy DF OF 
 1 Peter Holland            Brock McGinn             60     1   2  2  
 2 Andreas Martinsen        Michael Chaput           40     1   2  2  

4 vs 4 Defense
   Defense                  Defense                  Time % Phy DF OF 
 1 Joe Morrow               Brett Lernout            60     1   2  2  
 2 Steven Kampfer           Markus Nutivaara         40     1   2  2  

Last Minutes Offensive
   Center                   Left Wing                Right Wing               Defense                  Defense                  
   Peter Holland            Brock McGinn             Andreas Martinsen        Joe Morrow               Brett Lernout            

Last Minutes Defensive
   Center                   Left Wing                Right Wing               Defense                  Defense                  
   Peter Holland            Brock McGinn             Andreas Martinsen        Joe Morrow               Brett Lernout            

Goaltenders
Starting : David Rittich            
Backup : Andrew Hammond           

Extra Forwards
Normal : Anton Blidh, Adam Tambellini, Alex Broadhurst - PP : Anton Blidh, Adam Tambellini - PK : Alex Broadhurst
Extra Defensemen
Normal : Philip Samuelsson, Jarred Tinordi, Dominik Masin - PP : Philip Samuelsson - PK : Jarred Tinordi, Dominik Masin
Penalty Shots
Peter Holland, Brock McGinn, Andreas Martinsen, Michael Chaput, Tyler Bertuzzi

Scratches
Sam Jardine (Healthy), Mason Geertsen (Healthy), Tim Bozon (Healthy)

% Time on Ice - Las Vegas Wranglers

Lines # - Real PCT - Wanted PCT - Time Play
Normal Forward
1 - 35% - 40% - 18:12
2 - 27% - 30% - 14:07
3 - 21% - 20% - 10:41
4 - 17% - 10% - 9:04
Normal Defense
1 - 39% - 40% - 20:31
2 - 37% - 35% - 19:17
3 - 24% - 25% - 12:16
4 - 0% - 0% - 0:00
PP Forward
1 - 0% - 60%
2 - 0% - 40%
PP Defense
1 - 0% - 60%
2 - 0% - 40%
PK Forward
1 - 79% - 60% - 6:15
2 - 21% - 40% - 1:41
PK Defense
1 - 67% - 60% - 5:20
2 - 33% - 40% - 2:36
PK3 Forward
1 - 0% - 60%
2 - 0% - 40%
PK3 Defense
1 - 0% - 60%
2 - 0% - 40%
44 Forward
1 - 0% - 60%
2 - 0% - 40%
44 Defense
1 - 0% - 60%
2 - 0% - 40%
Last Minute Offensive  - 0:00
Last Minute Defensive  - 0:00
Total
Forward - 60:00
Defense - 60:00

% Time on Ice - Rochester Americans

Lines # - Real PCT - Wanted PCT - Time Play
Normal Forward
1 - 31% - 40% - 15:55
2 - 32% - 30% - 16:51
3 - 26% - 20% - 13:33
4 - 11% - 10% - 5:45
Normal Defense
1 - 38% - 40% - 19:49
2 - 29% - 30% - 14:59
3 - 22% - 20% - 11:12
4 - 12% - 10% - 6:04
PP Forward
1 - 59% - 60% - 4:41
2 - 41% - 40% - 3:15
PP Defense
1 - 59% - 60% - 4:41
2 - 41% - 40% - 3:15
PK Forward
1 - 0% - 60%
2 - 0% - 40%
PK Defense
1 - 0% - 60%
2 - 0% - 40%
PK3 Forward
1 - 0% - 60%
2 - 0% - 40%
PK3 Defense
1 - 0% - 60%
2 - 0% - 40%
44 Forward
1 - 0% - 60%
2 - 0% - 40%
44 Defense
1 - 0% - 60%
2 - 0% - 40%
Last Minute Offensive  - 0:00
Last Minute Defensive  - 0:00
Total
Forward - 60:00
Defense - 60:00

Play by Play

1st period


0:01 of 1st period - Nikita Soshnikov wins face-off versus Peter Holland in neutral zone.
0:10 of 1st period - Snap shot by Vladislav Kamenev.
0:10 of 1st period - Stopped by David Rittich without a rebound.
0:11 of 1st period - Michael Chaput wins face-off versus Tage Thompson in Rochester Americans zone.
0:17 of 1st period - Off-side.
0:18 of 1st period - Michael Chaput wins face-off versus Tage Thompson in neutral zone.
0:27 of 1st period - Wrist shot by Michael Chaput.
0:27 of 1st period - Stopped by Brad Thiessen with a rebound.
0:31 of 1st period - Wrist shot by Seth Griffith.
0:31 of 1st period - Stopped by Brad Thiessen without a rebound.
0:32 of 1st period - Adam Tambellini wins face-off versus Matthew Ford in Las Vegas Wranglers zone.
1:04 of 1st period - Dillon Heatherington is hit by Brett Lernout and loses puck.
1:48 of 1st period - Snap shot by Zac Rinaldo.
1:48 of 1st period - Stopped by David Rittich with a rebound.
1:59 of 1st period - Off-side.
2:00 of 1st period - Tage Thompson wins face-off versus Alex Broadhurst in neutral zone.
2:30 of 1st period - Snap shot by Seth Griffith.
2:30 of 1st period - Stopped by Brad Thiessen with a rebound.
4:36 of 1st period - Snap shot by Anton Blidh.
4:36 of 1st period - Stopped by Brad Thiessen with a rebound.
4:50 of 1st period - Wrist shot by Matthew Ford.
4:50 of 1st period - Deflect By Michael Chaput.
4:50 of 1st period - Shot Misses the Net.
4:50 of 1st period - Puck is out of play.
4:51 of 1st period - Ben Holmstrom wins face-off versus Adam Tambellini in Rochester Americans zone.
5:53 of 1st period - Snap shot by Vladislav Kamenev.
5:53 of 1st period - Stopped by David Rittich without a rebound.
5:54 of 1st period - Peter Holland wins face-off versus Tage Thompson in Rochester Americans zone.
6:19 of 1st period - Wrist shot by Vladislav Kamenev.
6:19 of 1st period - Stopped by David Rittich without a rebound.
6:20 of 1st period - Vladislav Kamenev wins face-off versus Brock McGinn in Rochester Americans zone.
6:49 of 1st period - Wrist shot by Jimmy Hayes.
6:49 of 1st period - Shot Misses the Net.
6:55 of 1st period - Snap shot by Justin Auger.
6:55 of 1st period - Shot Misses the Net.
7:06 of 1st period - Off-side.
7:07 of 1st period - Adam Tambellini wins face-off versus Joel Vermin in neutral zone.
7:18 of 1st period - Snap shot by Adam Tambellini.
7:18 of 1st period - Shot Blocked by Joel Vermin.
7:32 of 1st period - Vladislav Kamenev is hit by Peter Holland and loses puck.
7:39 of 1st period - Wrist shot by Andreas Martinsen.
7:39 of 1st period - Shot Misses the Net.
7:41 of 1st period - Wrist shot by Brock McGinn.
7:41 of 1st period - Stopped by Brad Thiessen with a rebound.
7:43 of 1st period - Wrist shot by Andreas Martinsen.
7:43 of 1st period - Shot Blocked by Adam Clendening.
7:45 of 1st period - Slapshot by Peter Holland.
7:45 of 1st period - Stopped by Brad Thiessen with a rebound.
7:55 of 1st period - Michael Chaput is hit by Tage Thompson and loses puck.
8:19 of 1st period - Icing by Matthew Ford.
8:20 of 1st period - Michael Chaput wins face-off versus Ben Holmstrom in Las Vegas Wranglers zone.
8:41 of 1st period - Wrist shot by Matthew Ford.
8:41 of 1st period - Stopped by David Rittich without a rebound.
8:42 of 1st period - Vladislav Kamenev wins face-off versus Peter Holland in Rochester Americans zone.
8:49 of 1st period - Snap shot by Brock McGinn.
8:49 of 1st period - Shot Misses the Net.
8:51 of 1st period - Slapshot by Brock McGinn.
8:51 of 1st period - Stopped by Brad Thiessen with a rebound.
8:53 of 1st period - Snap shot by Peter Holland.
8:53 of 1st period - Shot Blocked by Chris Casto.
9:12 of 1st period - Snap shot by Adam Tambellini.
9:12 of 1st period - Stopped by Brad Thiessen with a rebound.
9:47 of 1st period - Snap shot by Matthew Ford.
9:47 of 1st period - Stopped by David Rittich without a rebound.
9:48 of 1st period - Peter Holland wins face-off versus Matthew Ford in Rochester Americans zone.
9:59 of 1st period - Snap shot by Peter Holland.
9:59 of 1st period - Stopped by Brad Thiessen with a rebound.
10:01 of 1st period - Snap shot by Brock McGinn.
10:01 of 1st period - Stopped by Brad Thiessen with a rebound.
10:03 of 1st period - Wrist shot by Peter Holland.
10:03 of 1st period - Stopped by Brad Thiessen with a rebound.
10:13 of 1st period - Vladislav Kamenev is hit by Brett Lernout and loses puck.
10:24 of 1st period - Wrist shot by Nikolay Goldobin.
10:24 of 1st period - Stopped by David Rittich without a rebound.
10:25 of 1st period - Tage Thompson wins face-off versus Peter Holland in Rochester Americans zone.
10:28 of 1st period - Snap shot by Jimmy Hayes.
10:28 of 1st period - Shot Misses the Net.
10:30 of 1st period - Slapshot by Paul LaDue.
10:30 of 1st period - Shot Misses the Net.
10:32 of 1st period - Wrist shot by Justin Auger.
10:32 of 1st period - Shot Misses the Net.
10:34 of 1st period - Snap shot by Justin Auger.
10:34 of 1st period - Stopped by David Rittich with a rebound.
10:36 of 1st period - Snap shot by Justin Auger.
10:36 of 1st period - Shot Misses the Net.
10:38 of 1st period - Snap shot by Justin Auger.
10:38 of 1st period - Shot Blocked by Markus Nutivaara.
10:40 of 1st period - Wrist shot by Justin Auger.
10:40 of 1st period - Shot Misses the Net.
10:50 of 1st period - Slapshot by Adam Clendening.
10:50 of 1st period - Stopped by David Rittich without a rebound.
10:51 of 1st period - Tyler Bertuzzi wins face-off versus Cody Bass in Rochester Americans zone.
10:51 of 1st period - Tyler Bertuzzi is hit by Cody Bass.
11:19 of 1st period - Off-side.
11:20 of 1st period - Vladislav Kamenev wins face-off versus Peter Holland in neutral zone.
11:35 of 1st period - Wrist shot by Nikolay Goldobin.
11:35 of 1st period - Shot Misses the Net.
11:39 of 1st period - Wrist shot by Nikolay Goldobin.
11:39 of 1st period - Stopped by David Rittich with a rebound.
11:41 of 1st period - Snap shot by Paul LaDue.
11:41 of 1st period - Shot Blocked by Andreas Martinsen.
11:43 of 1st period - Snap shot by Nikolay Goldobin.
11:43 of 1st period - Shot Misses the Net.
12:07 of 1st period - Wrist shot by Brock McGinn.
12:07 of 1st period - Shot Misses the Net.
12:31 of 1st period - Wrist shot by Peter Holland.
12:31 of 1st period - Shot Misses the Net.
12:39 of 1st period - Wrist shot by Peter Holland.
12:39 of 1st period - Goal by Peter Holland - Las Vegas Wranglers : 0 - Rochester Americans : 1.
12:40 of 1st period - Seth Griffith wins face-off versus Tage Thompson in neutral zone.
12:45 of 1st period - Slapshot by Tyler Bertuzzi.
12:45 of 1st period - Stopped by Brad Thiessen without a rebound.
12:46 of 1st period - Michael Chaput wins face-off versus Tage Thompson in Las Vegas Wranglers zone.
12:47 of 1st period - Snap shot by Seth Griffith.
12:47 of 1st period - Stopped by Brad Thiessen with a rebound.
12:53 of 1st period - Wrist shot by Seth Griffith.
12:53 of 1st period - Shot Misses the Net.
13:11 of 1st period - Slapshot by Anton Blidh.
13:11 of 1st period - Deflect By Austin Carroll.
13:11 of 1st period - Shot Misses the Net.
13:11 of 1st period - Puck is out of play.
13:12 of 1st period - Matthew Ford wins face-off versus Adam Tambellini in Las Vegas Wranglers zone.
14:37 of 1st period - Brock McGinn is hit by Adam Clendening and loses puck.
16:05 of 1st period - Wrist shot by Matthew Ford.
16:05 of 1st period - Stopped by David Rittich with a rebound.
16:58 of 1st period - Michael Chaput is hit by Chris Casto and loses puck.
18:22 of 1st period - Icing by Tage Thompson.
18:23 of 1st period - Michael Chaput wins face-off versus Ben Holmstrom in Las Vegas Wranglers zone.
18:24 of 1st period - Snap shot by Seth Griffith.
18:24 of 1st period - Shot Misses the Net.
18:26 of 1st period - Slapshot by Tyler Bertuzzi.
18:26 of 1st period - Shot Misses the Net.
18:28 of 1st period - Snap shot by Seth Griffith.
18:28 of 1st period - Deflect By Tyler Bertuzzi.
18:28 of 1st period - Shot Misses the Net.
18:28 of 1st period - Puck is out of play.
18:29 of 1st period - Michael Chaput wins face-off versus Ben Holmstrom in Las Vegas Wranglers zone.
18:30 of 1st period - Wrist shot by Seth Griffith.
18:30 of 1st period - Stopped by Brad Thiessen with a rebound.
18:32 of 1st period - Snap shot by Seth Griffith.
18:32 of 1st period - Shot Misses the Net.
18:34 of 1st period - Wrist shot by Michael Chaput.
18:34 of 1st period - Goal by Michael Chaput - Las Vegas Wranglers : 0 - Rochester Americans : 2.
18:35 of 1st period - Vladislav Kamenev wins face-off versus Andreas Martinsen in neutral zone.
18:41 of 1st period - Minor Penalty to Vladislav Kamenev for Tripping.
18:42 of 1st period - Peter Holland wins face-off versus Zac Rinaldo in Las Vegas Wranglers zone.
18:48 of 1st period - Slapshot by Peter Holland.
18:48 of 1st period - Shot Misses the Net.
18:50 of 1st period - Snap shot by Joe Morrow.
18:50 of 1st period - Stopped by Brad Thiessen with a rebound.
18:52 of 1st period - Wrist shot by Andreas Martinsen.
18:52 of 1st period - Stopped by Brad Thiessen with a rebound.
18:54 of 1st period - Slapshot by Joe Morrow.
18:54 of 1st period - Shot Blocked by Zac Rinaldo.
18:58 of 1st period - Snap shot by Peter Holland.
18:58 of 1st period - Stopped by Brad Thiessen with a rebound.
19:08 of 1st period - Emerson Etem is hit by Tyler Bertuzzi and loses puck.
19:37 of 1st period - Snap shot by Nikolay Goldobin.
19:37 of 1st period - Stopped by David Rittich with a rebound.
19:39 of 1st period - Slapshot by Tage Thompson.
19:39 of 1st period - Stopped by David Rittich without a rebound.
19:40 of 1st period - Tage Thompson wins face-off versus Peter Holland in Rochester Americans zone.
19:48 of 1st period - Off-side.
19:49 of 1st period - Emerson Etem wins face-off versus Michael Chaput in neutral zone.
19:56 of 1st period - Wrist shot by Zac Rinaldo.
19:56 of 1st period - Stopped by David Rittich without a rebound.
19:57 of 1st period - Michael Chaput wins face-off versus Zac Rinaldo in Rochester Americans zone.
Goals for this period are 0 for Las Vegas Wranglers vs 2 for Rochester Americans.
Shots for this period are 14 for Las Vegas Wranglers vs 19 for Rochester Americans.

2nd period


0:01 of 2nd period - Zac Rinaldo wins face-off versus Peter Holland in neutral zone.
0:06 of 2nd period - Slapshot by Zac Rinaldo.
0:06 of 2nd period - Stopped by David Rittich with a rebound.
0:41 of 2nd period - Penalty to Vladislav Kamenev is over, Vladislav Kamenev is back on ice.
1:13 of 2nd period - Slapshot by Paul LaDue.
1:13 of 2nd period - Shot Blocked by Adam Tambellini.
1:15 of 2nd period - Snap shot by Justin Auger.
1:15 of 2nd period - Shot Blocked by Adam Tambellini.
1:25 of 2nd period - Austin Carroll is hit by Zac Rinaldo and loses puck.
1:34 of 2nd period - Austin Carroll is hit by Cody Bass and loses puck.
1:45 of 2nd period - Wrist shot by Matthew Ford.
1:45 of 2nd period - Stopped by David Rittich with a rebound.
1:47 of 2nd period - Slapshot by Dillon Heatherington.
1:47 of 2nd period - Stopped by David Rittich with a rebound.
1:49 of 2nd period - Snap shot by Matthew Ford.
1:49 of 2nd period - Deflect By Ben Holmstrom.
1:49 of 2nd period - Shot Misses the Net.
1:49 of 2nd period - Puck is out of play.
1:50 of 2nd period - Vladislav Kamenev wins face-off versus Peter Holland in Rochester Americans zone.
1:59 of 2nd period - Snap shot by Brock McGinn.
1:59 of 2nd period - Shot Blocked by Nikita Soshnikov.
2:21 of 2nd period - Wrist shot by Jimmy Hayes.
2:21 of 2nd period - Deflect By Seth Griffith.
2:21 of 2nd period - Stopped by David Rittich with a rebound.
2:25 of 2nd period - Slapshot by Jimmy Hayes.
2:25 of 2nd period - Stopped by David Rittich with a rebound.
3:08 of 2nd period - Minor Penalty to Vladislav Kamenev for Roughing.
3:09 of 2nd period - Peter Holland wins face-off versus Zac Rinaldo in Las Vegas Wranglers zone.
3:41 of 2nd period - Zac Rinaldo is hit by Brock McGinn and loses puck.
5:08 of 2nd period - Penalty to Vladislav Kamenev is over, Vladislav Kamenev is back on ice.
5:08 of 2nd period - Brock McGinn is hit by Zac Rinaldo and loses puck.
5:27 of 2nd period - Slapshot by Jimmy Hayes.
5:27 of 2nd period - Shot Misses the Net.
6:12 of 2nd period - Andreas Martinsen is hit by Vladislav Kamenev and loses puck.
7:42 of 2nd period - Icing by Dillon Heatherington.
7:43 of 2nd period - Ben Holmstrom wins face-off versus Peter Holland in Las Vegas Wranglers zone.
7:50 of 2nd period - Wrist shot by Justin Auger.
7:50 of 2nd period - Stopped by David Rittich without a rebound.
7:51 of 2nd period - Tage Thompson wins face-off versus Alex Broadhurst in Rochester Americans zone.
8:30 of 2nd period - Snap shot by Anton Blidh.
8:30 of 2nd period - Shot Misses the Net.
9:00 of 2nd period - Slapshot by Paul LaDue.
9:00 of 2nd period - Deflect By Seth Griffith.
9:00 of 2nd period - Stopped by David Rittich without a rebound.
9:01 of 2nd period - Cody Bass wins face-off versus Tyler Bertuzzi in Rochester Americans zone.
9:21 of 2nd period - Icing by Zac Rinaldo.
9:22 of 2nd period - Peter Holland wins face-off versus Vladislav Kamenev in Las Vegas Wranglers zone.
9:32 of 2nd period - Slapshot by Markus Nutivaara.
9:32 of 2nd period - Stopped by Brad Thiessen with a rebound.
9:58 of 2nd period - Wrist shot by Adam Tambellini.
9:58 of 2nd period - Shot Misses the Net.
10:16 of 2nd period - Slapshot by Seth Griffith.
10:16 of 2nd period - Stopped by Brad Thiessen without a rebound.
10:17 of 2nd period - Vladislav Kamenev wins face-off versus Peter Holland in Las Vegas Wranglers zone.
10:42 of 2nd period - Tyler Bertuzzi is hit by Matthew Ford.
11:30 of 2nd period - Slapshot by Nikita Soshnikov.
11:30 of 2nd period - Shot Misses the Net.
11:32 of 2nd period - Snap shot by Nikolay Goldobin.
11:32 of 2nd period - Stopped by David Rittich without a rebound.
11:33 of 2nd period - Michael Chaput wins face-off versus Vladislav Kamenev in Rochester Americans zone.
11:47 of 2nd period - Snap shot by Seth Griffith.
11:47 of 2nd period - Stopped by Brad Thiessen with a rebound.
11:55 of 2nd period - Minor Penalty to Dillon Heatherington for High sticking.
11:56 of 2nd period - Brock McGinn wins face-off versus Zac Rinaldo in Las Vegas Wranglers zone.
12:01 of 2nd period - Wrist shot by Brock McGinn.
12:01 of 2nd period - Shot Blocked by Zac Rinaldo.
12:10 of 2nd period - Icing by Joe Morrow.
12:11 of 2nd period - Peter Holland wins face-off versus Emerson Etem in Rochester Americans zone.
12:22 of 2nd period - Snap shot by Peter Holland.
12:22 of 2nd period - Shot Hit the Post.
12:24 of 2nd period - Slapshot by Joe Morrow.
12:24 of 2nd period - Stopped by Brad Thiessen without a rebound.
12:25 of 2nd period - Peter Holland wins face-off versus Zac Rinaldo in Las Vegas Wranglers zone.
12:26 of 2nd period - Snap shot by Brock McGinn.
12:26 of 2nd period - Deflect By Peter Holland.
12:26 of 2nd period - Shot Misses the Net.
12:26 of 2nd period - Puck is out of play.
12:27 of 2nd period - Zac Rinaldo wins face-off versus Peter Holland in Las Vegas Wranglers zone.
12:42 of 2nd period - Wrist shot by Andreas Martinsen.
12:42 of 2nd period - Shot Misses the Net.
13:55 of 2nd period - Penalty to Dillon Heatherington is over, Dillon Heatherington is back on ice.
15:29 of 2nd period - Icing by Markus Nutivaara.
15:30 of 2nd period - Alex Broadhurst wins face-off versus Vladislav Kamenev in Rochester Americans zone.
15:51 of 2nd period - Andreas Martinsen is hit by Vladislav Kamenev and loses puck.
16:37 of 2nd period - Wrist shot by Andreas Martinsen.
16:37 of 2nd period - Stopped by Brad Thiessen with a rebound.
16:39 of 2nd period - Slapshot by Andreas Martinsen.
16:39 of 2nd period - Stopped by Brad Thiessen with a rebound.
16:41 of 2nd period - Snap shot by Anton Blidh.
16:41 of 2nd period - Stopped by Brad Thiessen without a rebound.
16:42 of 2nd period - Jimmy Hayes wins face-off versus Michael Chaput in Las Vegas Wranglers zone.
16:49 of 2nd period - Backhand shot by Adam Clendening.
16:49 of 2nd period - Shot Misses the Net.
16:51 of 2nd period - Slapshot by Adam Clendening.
16:51 of 2nd period - Deflect By Justin Auger.
16:51 of 2nd period - Shot Misses the Net.
16:51 of 2nd period - Puck is out of play.
16:52 of 2nd period - Michael Chaput wins face-off versus Tage Thompson in Rochester Americans zone.
16:57 of 2nd period - Slapshot by Adam Clendening.
16:57 of 2nd period - Stopped by David Rittich with a rebound.
16:59 of 2nd period - Wrist shot by Tage Thompson.
16:59 of 2nd period - Stopped by David Rittich with a rebound.
17:01 of 2nd period - Snap shot by Tage Thompson.
17:01 of 2nd period - Stopped by David Rittich with a rebound.
17:03 of 2nd period - Slapshot by Paul LaDue.
17:03 of 2nd period - Stopped by David Rittich with a rebound.
17:05 of 2nd period - Snap shot by Jimmy Hayes.
17:05 of 2nd period - Goal by Jimmy Hayes - Las Vegas Wranglers : 1 - Rochester Americans : 2.
17:06 of 2nd period - Tage Thompson wins face-off versus Peter Holland in neutral zone.
17:19 of 2nd period - Snap shot by Adam Clendening.
17:19 of 2nd period - Deflect By Peter Holland.
17:19 of 2nd period - Stopped by David Rittich without a rebound.
17:20 of 2nd period - Michael Chaput wins face-off versus Vladislav Kamenev in Rochester Americans zone.
17:29 of 2nd period - Snap shot by Seth Griffith.
17:29 of 2nd period - Shot Misses the Net.
17:31 of 2nd period - Snap shot by Seth Griffith.
17:31 of 2nd period - Goal by Seth Griffith - Las Vegas Wranglers : 1 - Rochester Americans : 3.
17:32 of 2nd period - Peter Holland wins face-off versus Vladislav Kamenev in neutral zone.
17:34 of 2nd period - Off-side.
17:35 of 2nd period - Vladislav Kamenev wins face-off versus Peter Holland in neutral zone.
17:38 of 2nd period - Andreas Martinsen is hit by Nikita Soshnikov and loses puck.
17:45 of 2nd period - Snap shot by Brock McGinn.
17:45 of 2nd period - Stopped by Brad Thiessen with a rebound.
17:47 of 2nd period - Slapshot by Brett Lernout.
17:47 of 2nd period - Stopped by Brad Thiessen without a rebound.
17:48 of 2nd period - Peter Holland wins face-off versus Nikolay Goldobin in Las Vegas Wranglers zone.
18:20 of 2nd period - Snap shot by Emerson Etem.
18:20 of 2nd period - Shot Blocked by Brock McGinn.
18:47 of 2nd period - Slapshot by Seth Griffith.
18:47 of 2nd period - Shot Misses the Net.
19:03 of 2nd period - Off-side.
19:04 of 2nd period - Adam Tambellini wins face-off versus Cody Bass in neutral zone.
19:07 of 2nd period - Wrist shot by Austin Carroll.
19:07 of 2nd period - Shot Misses the Net.
Goals for this period are 1 for Las Vegas Wranglers vs 1 for Rochester Americans.
Shots for this period are 14 for Las Vegas Wranglers vs 10 for Rochester Americans.

3rd period


0:01 of 3rd period - Vladislav Kamenev wins face-off versus Peter Holland in neutral zone.
0:04 of 3rd period - Slapshot by Adam Clendening.
0:04 of 3rd period - Stopped by David Rittich with a rebound.
0:35 of 3rd period - Snap shot by Seth Griffith.
0:35 of 3rd period - Stopped by Brad Thiessen with a rebound.
0:50 of 3rd period - Austin Carroll is hit by Ben Holmstrom and loses puck.
1:35 of 3rd period - Backhand shot by Nikita Soshnikov.
1:35 of 3rd period - Stopped by David Rittich without a rebound.
1:36 of 3rd period - Alex Broadhurst wins face-off versus Tage Thompson in Rochester Americans zone.
1:51 of 3rd period - Joe Morrow is hit by Jimmy Hayes.
2:25 of 3rd period - Snap shot by Matthew Ford.
2:25 of 3rd period - Shot Misses the Net.
2:31 of 3rd period - Wrist shot by Seth Griffith.
2:31 of 3rd period - Stopped by Brad Thiessen with a rebound.
2:41 of 3rd period - Wrist shot by Joel Vermin.
2:41 of 3rd period - Stopped by David Rittich with a rebound.
2:43 of 3rd period - Snap shot by Cody Bass.
2:43 of 3rd period - Stopped by David Rittich without a rebound.
2:44 of 3rd period - Peter Holland wins face-off versus Cody Bass in Rochester Americans zone.
2:49 of 3rd period - Wrist shot by Paul LaDue.
2:49 of 3rd period - Shot Blocked by Markus Nutivaara.
2:51 of 3rd period - Snap shot by Paul LaDue.
2:51 of 3rd period - Shot Misses the Net.
2:53 of 3rd period - Slapshot by Paul LaDue.
2:53 of 3rd period - Stopped by David Rittich without a rebound.
2:54 of 3rd period - Vladislav Kamenev wins face-off versus Peter Holland in Rochester Americans zone.
2:55 of 3rd period - Wrist shot by Nikita Soshnikov.
2:55 of 3rd period - Stopped by David Rittich with a rebound.
3:30 of 3rd period - Snap shot by Tyler Bertuzzi.
3:30 of 3rd period - Goal by Tyler Bertuzzi - Las Vegas Wranglers : 1 - Rochester Americans : 4.
3:31 of 3rd period - Peter Holland wins face-off versus Vladislav Kamenev in neutral zone.
3:38 of 3rd period - Snap shot by Andreas Martinsen.
3:38 of 3rd period - Stopped by Brad Thiessen with a rebound.
3:40 of 3rd period - Slapshot by Joe Morrow.
3:40 of 3rd period - Stopped by Brad Thiessen without a rebound.
3:41 of 3rd period - Peter Holland wins face-off versus Vladislav Kamenev in Las Vegas Wranglers zone.
4:32 of 3rd period - Wrist shot by Andreas Martinsen.
4:32 of 3rd period - Deflect By Adam Clendening.
4:32 of 3rd period - Shot Misses the Net.
4:32 of 3rd period - Puck is out of play.
4:33 of 3rd period - Tage Thompson wins face-off versus Michael Chaput in Las Vegas Wranglers zone.
4:58 of 3rd period - Philip Samuelsson is hit by Emerson Etem and loses puck.
5:03 of 3rd period - Wrist shot by Matthew Ford.
5:03 of 3rd period - Deflect By Ben Holmstrom.
5:03 of 3rd period - Stopped by David Rittich with a rebound.
5:05 of 3rd period - Wrist shot by Matthew Ford.
5:05 of 3rd period - Shot Misses the Net.
5:07 of 3rd period - Slapshot by Dillon Heatherington.
5:07 of 3rd period - Deflect By Austin Carroll.
5:07 of 3rd period - Stopped by David Rittich without a rebound.
5:08 of 3rd period - Michael Chaput wins face-off versus Tage Thompson in Rochester Americans zone.
5:36 of 3rd period - Snap shot by Emerson Etem.
5:36 of 3rd period - Shot Blocked by Joe Morrow.
5:38 of 3rd period - Wrist shot by Matthew Ford.
5:38 of 3rd period - Stopped by David Rittich with a rebound.
5:40 of 3rd period - Slapshot by Dillon Heatherington.
5:40 of 3rd period - Stopped by David Rittich with a rebound.
5:42 of 3rd period - Snap shot by Joel Hanley.
5:42 of 3rd period - Stopped by David Rittich with a rebound.
5:44 of 3rd period - Wrist shot by Matthew Ford.
5:44 of 3rd period - Stopped by David Rittich without a rebound.
5:45 of 3rd period - Vladislav Kamenev wins face-off versus Peter Holland in Rochester Americans zone.
6:36 of 3rd period - Snap shot by Joel Vermin.
6:36 of 3rd period - Shot Blocked by Austin Carroll.
7:09 of 3rd period - Peter Holland is hit by Ben Holmstrom and loses puck.
8:43 of 3rd period - Snap shot by Nikolay Goldobin.
8:43 of 3rd period - Stopped by David Rittich without a rebound.
8:44 of 3rd period - Adam Tambellini wins face-off versus Tage Thompson in Rochester Americans zone.
8:57 of 3rd period - Wrist shot by Tage Thompson.
8:57 of 3rd period - Stopped by David Rittich with a rebound.
8:58 of 3rd period - Jarred Tinordi and Chris Casto fight to a draw.
8:58 of 3rd period - Penalty to Jarred Tinordi for Fighting.
8:58 of 3rd period - Penalty to Chris Casto for Fighting.
8:59 of 3rd period - Peter Holland wins face-off versus Vladislav Kamenev in Rochester Americans zone.
9:04 of 3rd period - Slapshot by Steven Kampfer.
9:04 of 3rd period - Shot Misses the Net.
9:24 of 3rd period - Paul LaDue is hit by Tyler Bertuzzi and loses puck.
9:30 of 3rd period - Icing by Paul LaDue.
9:31 of 3rd period - Michael Chaput wins face-off versus Tage Thompson in Las Vegas Wranglers zone.
9:38 of 3rd period - Tyler Bertuzzi is hit by Justin Auger and loses puck.
10:16 of 3rd period - Off-side.
10:17 of 3rd period - Ben Holmstrom wins face-off versus Adam Tambellini in neutral zone.
10:29 of 3rd period - Wrist shot by Anton Blidh.
10:29 of 3rd period - Stopped by Brad Thiessen without a rebound.
10:30 of 3rd period - Vladislav Kamenev wins face-off versus Brock McGinn in Las Vegas Wranglers zone.
10:30 of 3rd period - Vladislav Kamenev is hit by Joe Morrow.
10:33 of 3rd period - Minor Penalty to Dillon Heatherington for Hooking.
10:34 of 3rd period - Peter Holland wins face-off versus Zac Rinaldo in Las Vegas Wranglers zone.
10:40 of 3rd period - Slapshot by Brock McGinn.
10:40 of 3rd period - Shot Misses the Net.
10:42 of 3rd period - Slapshot by Brett Lernout.
10:42 of 3rd period - Stopped by Brad Thiessen with a rebound.
10:44 of 3rd period - Slapshot by Andreas Martinsen.
10:44 of 3rd period - Shot Misses the Net.
11:00 of 3rd period - Joe Morrow is hit by Joel Hanley and loses puck.
11:42 of 3rd period - Seth Griffith is hit by Nikita Soshnikov and loses puck.
11:59 of 3rd period - Vladislav Kamenev is hit by Brock McGinn and loses puck.
12:28 of 3rd period - Vladislav Kamenev is hit by Brett Lernout and loses puck.
12:33 of 3rd period - Penalty to Dillon Heatherington is over, Dillon Heatherington is back on ice.
13:06 of 3rd period - Anton Blidh is hit by Joel Vermin and loses puck.
13:47 of 3rd period - Icing by Seth Griffith.
13:48 of 3rd period - Vladislav Kamenev wins face-off versus Michael Chaput in Rochester Americans zone.
14:33 of 3rd period - Cody Bass is hit by Seth Griffith and loses puck.
14:44 of 3rd period - Andreas Martinsen is hit by Ben Holmstrom and loses puck.
15:40 of 3rd period - Cody Bass is hit by Brock McGinn and loses puck.
16:31 of 3rd period - Justin Auger is hit by Tyler Bertuzzi.
17:04 of 3rd period - Vladislav Kamenev is hit by Brett Lernout and loses puck.
17:45 of 3rd period - Matthew Ford is hit by Michael Chaput and loses puck.
19:02 of 3rd period - Brett Lernout is hit by Matthew Ford and loses puck.
19:27 of 3rd period - Dominik Masin is hit by Joel Hanley and loses puck.
Goals for this period are 0 for Las Vegas Wranglers vs 1 for Rochester Americans.
Shots for this period are 14 for Las Vegas Wranglers vs 7 for Rochester Americans.